 Dungeon Crawl Stone Soup version 0.25-a0-1024-gbfbf38f2cb (webtiles) character file.

Game seed: 8615147494013784954, levelgen mode: deterministic

1164 wullow the Magician (level 8, -4/53 HPs)
             Began as a Demonspawn Wizard on May 12, 2020.
             Was a Follower of Okawaru.
             Slain by a hornet zombie (11 damage)
             ... on level 7 of the Dungeon.
             The game lasted 00:27:46 (10505 turns).

wullow the Magician (Demonspawn Wizard)            Turns: 10505, Time: 00:27:47

Health: -4/53      AC:  3    Str:  9    XL:     8   Next: 17%
Magic:  6/14       EV: 12    Int: 21    God:    Okawaru [*.....]
Gold:   345        SH:  6    Dex: 11    Spells: 7/16 levels left

rFire    + . .     SeeInvis .   K - +3 dagger (venom)
rCold    . . .     Gourm    .   (no shield)
rNeg     . . .     Faith    .   a - +0 robe
rPois    .         Spirit   .   b - +0 hat
rElec    .         Reflect  +   (no cloak)
rCorr    .         Harm     .   (no gloves)
MR       .....                  s - +0 pair of boots
Stlth    ++........             F - +2 amulet of reflection
HPRegen  0.17/turn              y - ring of flight
MPRegen  0.14/turn              p - ring of protection from fire

@: no status effects
A: hooves 1, large bone plates 1, spiny 1, rot immunity
a: Heroism, Renounce Religion, Evoke Flight


You were on level 7 of the Dungeon.
You worshipped Okawaru.
Okawaru was aware of your devotion.
You were not hungry.

You visited 2 branches of the dungeon, and saw 9 of its levels.

You collected 345 gold pieces.

Inventory:

Hand Weapons
 h - a +1 mace of holy wrath
 K - a +3 dagger of venom (weapon)
Missiles
 c - 191 stones (quivered)
 e - 7 silver javelins
 l - 67 sling bullets
 n - 4 throwing nets
 v - 44 bolts
 C - 16 atropa-tipped darts
 D - 73 arrows
Armour
 a - a +0 robe (worn)
 b - a +0 hat (worn)
 s - a +0 pair of boots (worn)
 H - a +1 tower shield of poison resistance
Jewellery
 p - a ring of protection from fire (right hand)
 y - a ring of flight (left hand)
 F - a +2 amulet of reflection (around neck)
Wands
 E - a wand of iceblast (10)
 L - a wand of random effects (15)
Scrolls
 f - a scroll of fog
 g - 5 scrolls of remove curse
 i - a scroll of enchant weapon
 j - a scroll of identify
 r - 2 scrolls of magic mapping
 t - 2 scrolls of fear
Potions
 k - a potion of resistance
 o - a potion of curing
 w - a potion of ambrosia
 x - a potion of lignification
 z - a potion of berserk rage
 A - 2 potions of flight
 B - a potion of might
 G - 2 potions of haste
 J - 2 potions of magic
Comestibles
 d - 9 rations


   Skills:
 + Level 0.8 Fighting
 + Level 0.7 Short Blades
 - Level 1.7 Dodging
 - Level 1.7 Stealth
 + Level 4.6 Spellcasting
 * Level 4.3 Conjurations
 - Level 3.0 Summonings
   Level 0.8 Translocations
 - Level 3.0 Fire Magic
 * Level 3.6 Air Magic
 * Level 3.9 Poison Magic


You had 7 spell levels left.
You knew the following spells:

 Your Spells              Type           Power        Failure   Level  Hunger
a - Magic Dart            Conj           ###.         1%          1    None
b - Call Imp              Summ           ###.....     4%          2    #......
c - Mephitic Cloud        Conj/Pois/Air  ###.....     7%          3    ##.....
d - Conjure Flame         Conj/Fire      ###.....     8%          3    ##.....

Your spell library contained the following spells:

 Spells                   Type           Power        Failure   Level  Hunger
 Blink                    Tloc           N/A          12%         2    #......
 Slow                     Hex            #.......     17%         2    #......


Dungeon Overview and Level Annotations

Branches:
Dungeon (8/15)             Temple (1/1) D:6
   Lair: D:8-11

Altars:
Ashenzari
Elyvilon
Fedhas
Gozag
Hepliaklqana
Kikubaaqudgha
Makhleb
Nemelex Xobeh
Okawaru
Qazlal
Ru
Sif Muna
Uskayaw
Vehumet
Wu Jian
Xom
Yredelemnul
Zin
The Shining One

Annotations:
D:7 Harold


Innate Abilities, Weirdness & Mutations

You have large cloven feet.
You are partially covered in large bone plates. (SH +4)
You are partially covered in sharp spines.
You are immune to rotting.


Message History

A beastly little devil appears in a puff of flame.
The hornet zombie is struck by your spines.
The hornet zombie barely misses you.
The hornet zombie is struck by your spines.
The hornet zombie barely misses you.
You barely miss the hornet zombie.
The hornet zombie is almost destroyed.
Your crimson imp barely misses the hornet zombie.
The hornet zombie is struck by your spines.
The hornet zombie hits you!
* * * LOW HITPOINT WARNING * * *
Unknown command.
The hornet zombie hits you.
* * * LOW HITPOINT WARNING * * *
Unknown command.
You barely miss the hornet zombie.
The hornet zombie is almost destroyed.
The hornet zombie is struck by your spines.
The hornet zombie hits you!
You die...

###*****#############
#..,,,,,.......5....# ########
#.#*****#######Z###.####.......
#.# #.....@5# #..)........# #.#
#..####.###..###.####.#
#.#######..# #....<.# #.####..
#.##.......# ###.##.# #.##....
#.##.####..# ####.##.###.##.#)<
#.##.# #..###..............#).
#.##.# #..##...#.##.##..####.@
##.##.# #..#......##.##..####..
#รท.##.#
#.........##.##........


You could see a hornet zombie and 2 friendly crimson imps.

Vanquished Creatures
  A sky beast (D:5)
  An orc warrior (D:6)
  A black bear (D:7)
  A bullfrog (D:7)
  A howler monkey (D:5)
  A crimson imp (D:8)
  A bullfrog zombie (D:7)
  2 orc priests (D:5)
  3 hounds
  3 orc wizards
  A gnoll shaman (D:7)
  A bullfrog skeleton (D:6)
  An iguana (D:5)
  A worker ant (D:5)
  A hound skeleton (D:5)
  3 adders
  8 gnolls (D:7)
  An ooze (D:4)
  A worm (D:2)
  4 dart slugs
  4 leopard geckos
  24 orcs
  7 bats
  3 giant cockroaches
  8 goblins
  10 hobgoblins
  2 jackals (D:5)
  7 kobolds
  3 quokkas
  A ball python skeleton (D:4)
  2 frilled lizards
  A giant cockroach zombie (D:6)
  2 leopard gecko skeletons
  3 rats
114 creatures vanquished.

Vanquished Creatures (collateral kills)
  An ogre (D:5)
  2 hounds
  2 orc wizards
  A worker ant (D:5)
  4 adders
  A worm (D:2)
  2 orcs (D:5)
  A giant cockroach (D:2)
14 creatures vanquished.

Vanquished Creatures (others)
  An orc (D:6)
1 creature vanquished.

Grand Total: 129 creatures vanquished

Notes
Turn   | Place    | Note
-------+----------+-------------------------------------------
     0 | D:1      | wullow the Demonspawn Wizard began the quest for the Orb.
     0 | D:1      | Reached XP level 1. HP: 13/13 MP: 4/4
   488 | D:1      | Gained mutation: You are partially covered in large bone
                  | plates. (SH +4) [demonic ancestry]
   488 | D:1      | Reached XP level 2. HP: 19/19 MP: 4/6
  1039 | D:1      | Learned a level 2 spell: Call Imp
  1741 | D:2      | Reached XP level 3. HP: 8/24 MP: 1/8
  1993 | D:2      | Learned a level 3 spell: Mephitic Cloud
  2745 | D:2      | Reached XP level 4. HP: 30/30 MP: 1/9
  3899 | D:3      | Found an ancient bone altar of Kikubaaqudgha.
  3950 | D:3      | Found a blossoming altar of Fedhas.
  4020 | D:3      | Found a burning altar of Makhleb.
  4032 | D:3      | Reached skill level 1 in Air Magic
  4032 | D:3      | Reached skill level 1 in Poison Magic
  4690 | D:4      | Gained mutation: You are immune to rotting. [demonic
                  | ancestry]
  4690 | D:4      | Reached XP level 5. HP: 32/35 MP: 1/11
  4943 | D:5      | Entered Level 5 of the Dungeon
  5056 | D:5      | Learned a level 3 spell: Conjure Flame
  5084 | D:5      | Noticed a sky beast
  5119 | D:5      | Killed a sky beast
  5507 | D:5      | Reached skill level 1 in Fire Magic
  5507 | D:5      | Reached XP level 6. HP: 38/41 MP: 3/12
  6824 | D:5      | Found an iron altar of Okawaru.
  6827 | D:5      | Became a worshipper of Warmaster Okawaru
  7110 | D:6      | Noticed an orc warrior
  7122 | D:5      | Gained mutation: You have large cloven feet. [demonic
                  | ancestry]
  7122 | D:5      | Reached XP level 7. HP: 9/46 MP: 1/13
  7387 | D:6      | Found a white marble altar of Elyvilon.
  7388 | D:6      | Found a hide-covered altar of Uskayaw.
  7604 | D:6      | Found a shattered altar of Ashenzari.
  7645 | D:6      | Found a staircase to the Ecumenical Temple.
  7723 | D:6      | Found an opulent altar of Gozag.
  7723 | D:6      | Found a stormy altar of Qazlal.
  8630 | Temple   | Entered the Ecumenical Temple
  8982 | D:7      | Reached * piety under Okawaru
  9075 | D:7      | Found a sacrificial altar of Ru.
  9415 | D:7      | Noticed Harold
  9697 | D:8      | Gained mutation: You are partially covered in sharp spines.
                  | [demonic ancestry]
  9697 | D:8      | Reached XP level 8. HP: 46/52 MP: 14/14
 10505 | D:7      | Slain by a hornet zombie

Illustrated notes

Levels and vault maps discovered:
D:1:      ncdulo_wetmaze, layout_basic, lemuel_old_faithful
D:2:      kennysheep_six_static_rooms, layout_basic
D:3:      layout_basic, grunt_temple_overflow_growth_and_decay,
          makhleb_heckhound_becter
D:4:      layout_rooms, first_ration
D:5:      layout_basic, kennysheep_mini_moat
D:6:      layout_gridville, ashenzari_conservatory_becter,
          chequers_temple_overflow_statue_of_worship, minmay_temple_entry_fiery
D:7:      layout_loops_ring, hangedman_ru_absence, uniq_harold
D:8:      layout_cave_pools, lightli_temple_of_fire, serial_shops,
          nicolae_shop_stone
Temple:   chequers_temple_sunken

Skill      XL: |  1  2  3  4  5  6  7  8 |
---------------+-------------------------+-----
Conjurations   | 2 3 4 |  4.3
Air Magic      | 1 2 3 |  3.6
Poison Magic   | 1 2 3 |  3.9
Spellcasting   | 4 |  4.6
Summonings     | 2 3 |  3.0
Fire Magic     | 1 2 3 |  3.0
Fighting       | |  0.8
Short Blades   | |  0.7
Dodging        | |  1.7
Stealth        | |  1.7
Translocations | |  0.8

Action                   |  1- 3 |  4- 6 |  7- 9 || total
-------------------------+-------+-------+-------++-------
Melee: Unarmed           |    34 |       |       ||    34
       Short sword       |    14 |       |       ||    14
       Dagger            |     3 |   133 |   132 ||   268
 Cast: Magic Dart        |   108 |   147 |    38 ||   293
       Call Imp          |     6 |    23 |    18 ||    47
       Mephitic Cloud    |       |     1 |     8 ||     9
       Conjure Flame     |       |       |     3 ||     3
  Use: Scroll            |       |       |    17 ||    17
       Potion            |       |       |     1 ||     1
 Stab: Confused          |       |       |     3 ||     3
       Sleeping          |       |       |     1 ||     1
  Eat: Chunk             |     6 |    10 |    12 ||    28
       Ration            |       |     1 |       ||     1
Armor: Robe              |    18 |    37 |    11 ||    66
Dodge: Dodged            |    35 |    92 |    69 ||   196
Block: Other             |    15 |    29 |    42 ||    86
       Reflection        |       |       |     2 ||     2

Table legend:
 A = Non-vault XP
 B = Vault XP
 C = Vault XP percentage of total XP
 D = Non-vault monster count
 E = Vault monster count
 F = Vault count percentage of total count
                 A         B        C        D         E       F
            +---------+---------+-------+---------+---------+-------
      Total |    1616 |      47 |   2.8 |     123 |       6 |   4.7
            +---------+---------+-------+---------+---------+-------
        D:1 |      39 |       0 |   0.0 |      18 |       0 |   0.0
        D:2 |      54 |       7 |  11.5 |      23 |       5 |  17.9
        D:3 |      15 |      40 |  72.7 |       4 |       1 |  20.0
        D:4 |      41 |       0 |   0.0 |      10 |       0 |   0.0
        D:5 |     589 |       0 |   0.0 |      27 |       0 |   0.0
        D:6 |     278 |       0 |   0.0 |      19 |       0 |   0.0
        D:7 |     495 |       0 |   0.0 |      19 |       0 |   0.0
        D:8 |     105 |       0 |   0.0 |       3 |       0 |   0.0
            +---------+---------+-------+---------+---------+-------
